 Dungeon Crawl Stone Soup version 0.19-a0-1866-ge6f2195 (webtiles) character file.

135 roflturtle the Skirmisher (level 4, 0/40 HPs)
             Began as a Demigod Transmuter on Oct 13, 2016.
             Succumbed to an adder's poison
             ... on level 4 of the Dungeon.
             The game lasted 00:09:33 (2565 turns).

roflturtle the Skirmisher (Demigod Transmuter)      Turns: 2565, Time: 00:09:34

Health: 0/40       AC:  2    Str: 16 (18) XL:     4   Next: 65%
Magic:  9/9        EV: 13    Int: 16 (17) God:
Gold:   101        SH:  0    Dex: 15 (18) Spells: 3 memorised, 1 level left

rFire  + . .     SeeInvis .       - Unarmed
rCold  + . .     Gourm    .     b - +0 robe
rNeg   . . .     Faith    .     (no shield)
rPois  +         Spirit   .     (no helmet)
rElec  +         Dismiss  .     (no cloak)
rCorr  +         Reflect  .     (no gloves)
MR     .....     Harm     .     (no boots)
Stlth  +.........               (no amulet)
                                (no ring)
                                m - ring of resist corrosion

@: mighty, lethally poisoned (0 -> -1), resistant
A: high mp 1
a: no special abilities


You were on level 4 of the Dungeon.
You were not hungry.

You visited 1 branch of the dungeon, and saw 4 of its levels.

You collected 101 gold pieces.

Inventory:

Hand Weapons
 f - a +2 spear of venom
Missiles
 a - 42 arrows
 q - 6 javelins (quivered)
Armour
 b - a +0 robe (worn)
Jewellery
 m - a ring of resist corrosion (left hand)
Scrolls
 e - a scroll of magic mapping
 g - 2 scrolls of recharging
 i - a scroll of remove curse
 n - a scroll of immolation {unknown}
 p - a scroll of fear {unknown}
 r - a scroll of noise {unknown}
Potions
 h - a potion of degeneration
Books
 c - a book of Changes

   Spells                             Type                      Level
   a - Beastly Appendage              Transmutation                1
   b - Sticks to Snakes               Transmutation                2
   c - Spider Form                    Transmutation/Poison         3
   d - Ice Form                       Ice/Transmutation            4
   e - Blade Hands                    Transmutation                5
 o - a book of Maledictions

   Spells                             Type                      Level
   a - Corona                         Hexes                        1
   b - Ensorcelled Hibernation        Hexes/Ice                    2
   c - Confuse                        Hexes                        3
   d - Tukima's Dance                 Hexes                        3
   e - Dazzling Spray                 Conjuration/Hexes            3
Comestibles
 d - 3 bread rations
 k - 2 beef jerkies


   Skills:
 + Level 3.6 Fighting
 - Level 2.2 Dodging
 - Level 3.0 Unarmed Combat
 - Level 2.0 Spellcasting
 - Level 2.0 Transmutations


You had one spell level left.
You knew the following spells:

 Your Spells              Type           Power        Failure   Level  Hunger
a - Beastly Appendage     Tmut           #.....       10%         1    #......
b - Sticks to Snakes      Tmut           #.......     14%         2    ###....
c - Spider Form           Tmut/Pois      #.........   38%         3    ###....


Dungeon Overview and Level Annotations

Branches:
Dungeon (4/15)
 Temple: D:4-7


Innate Abilities, Weirdness & Mutations

You have an increased reservoir of magic. (+10% MP)


Message History

* * * LOW HITPOINT WARNING * * *
You feel sick.
It was a potion of degeneration.
There was something very wrong with that liquid.
You feel weakened.
You feel dopey.
You feel clumsy.
It was a potion of might.
You feel very mighty all of a sudden.
It was a potion of resistance.
You feel protected.
* * * LOW HITPOINT WARNING * * *
You feel sick.
As you read the scroll labeled NOFELI UCKIO, it crumbles to dust.
You feel blessed for a moment.
It was a scroll of remove curse.
* * * LOW HITPOINT WARNING * * *
You feel sick.
* * * LOW HITPOINT WARNING * * *
You feel sick.
An adder comes into view.
You see here a howler monkey corpse.
You die...

.#. .### ... ... .. ###(.
....#.####. ..##+#
#.#........ .......
......... .......##.#...#
# ..........#@..#.##.
#.........#†.......
###....#....#...#.##.
.................<..
#............(.....
#....#....#..##.##.
###....#.##.#.......
.........##.#..##.##.#
.#.#
.##..#.#.##.#..##.##.##.#.


There were no monsters in sight!

Vanquished Creatures
  A howler monkey (D:4)
  5 adders
  An ooze (D:2)
  2 worms (D:2)
  A dart slug (D:1)
  A leopard gecko (D:1)
  2 ball pythons
  2 giant cockroaches
  5 goblins (D:1)
  2 hobgoblins (D:2)
  2 jackals (D:2)
  4 kobolds (D:1)
  2 quokkas
  6 bats
  2 frilled lizards
  7 rats (D:1)
45 creatures vanquished.

Notes
Turn   | Place    | Note
-------+----------+-------------------------------------------
     0 | D:1      | roflturtle the Demigod Transmuter began the quest for the Orb.
     0 | D:1      | Reached XP level 1. HP: 15/15 MP: 5/5
    37 | D:1      | Reached skill level 1 in Fighting
   441 | D:1      | Reached XP level 2. HP: 23/24 MP: 7/7
   468 | D:1      | Learned a level 2 spell: Sticks to Snakes
   921 | D:1      | Reached XP level 3. HP: 24/29 MP: 8/8
  1236 | D:2      | Learned a level 3 spell: Spider Form
  2105 | D:2      | Reached XP level 4. HP: 33/37 MP: 7/9
  2551 | D:4      | HP: 2/40 [poisoned by an adder]
  2557 | D:4      | HP: 1/40 [poisoned by an adder]
  2565 | D:4      | Succumbed to an adder's poison

Vault maps used:
D:1:      sevenhm_arrival_forest_fort_small_6, st_stairs_11,
          minmay_misc_feat_tower
D:2:      first_bread, solitary_fountain
D:3:      elyvilon_altar_5, zin_scriptorium, minmay_misc_feat_four_crosses
D:4:      led_sif_pool, uniq_edmund

Skill      XL: |  1  2  3  4 |
---------------+-------------+-----
Fighting       | 2 3 |  3.6
Transmutations | 2 |  2.0
Spellcasting   | 2 |  2.0
Dodging        | 2 |  2.2
Unarmed Combat | 3 |  3.0

Action                   |  1- 3 |  4- 6 || total
-------------------------+-------+-------++-------
Melee: Unarmed           |   160 |    53 ||   213
       Kick              |    23 |    11 ||    34
       Headbutt          |     4 |       ||     4
       Punch             |     1 |       ||     1
 Cast: Beastly Appendage |    17 |     4 ||    21
  Use: Scroll            |       |     4 ||     4
       Potion            |       |     3 ||     3
 Stab: Sleeping          |     1 |     2 ||     3
  Eat: Chunk             |     4 |     2 ||     6
Armor: Robe              |    44 |    10 ||    54
Dodge: Dodged            |   116 |    32 ||   148
